 Dungeon Crawl Stone Soup version 0.27-a0-836-gfc908b8576 (webtiles) character file.

Game seed: 15662702122867507879

2831 Hasart the Chopper (level 9, 0/69 HPs)
             Began as a Demonspawn Fighter on Mar 31, 2021.
             Was an Initiate of Ashenzari.
             Killed from afar by Maggie (15 damage)
             ... with a bolt of acid
             ... on level 8 of the Dungeon.
             The game lasted 00:14:09 (8621 turns).

Hasart the Chopper (Demonspawn Fighter)             Turns: 8621, Time: 00:14:10

Health: 0/69       AC: 10    Str: 19    XL:     9   Next: 45%
Magic:  9/9        EV:  8    Int: 11    God:    Ashenzari [......]
Gold:   490        SH: 10    Dex: 12    Spells: 8/8 levels left

rFire    . . .     SeeInvis .   w - +2 spear (venom)
rCold    . . .     Faith    .   c - +0 kite shield of Ashenzari's Loss {Fort, Evo} (curse)
rNeg     . . .     Spirit   .   b - +0 scale mail
rPois    .         Reflect  .   (helmet restricted)
rElec    .         Harm     .   (no cloak)
rCorr    .         Rampage  .   (no gloves)
Will     .....                  A - +0 pair of boots
Stlth    ..........             (no amulet)
HPRegen  0.21/turn              i - +4 ring of protection
MPRegen  0.11/turn              (no ring)

@: corroded, mesmerised
A: horns 2, thin metallic scales 1, demonic guardian 1, icemail 1, condensation
shield
a: Renounce Religion, Curse Item, Shatter the Chains


You were on level 8 of the Dungeon.
You worshipped Ashenzari.
Ashenzari was noncommittal.
You visited 1 branch of the dungeon, and saw 8 of its levels.
You also visited: Bailey.

You collected 490 gold pieces.

Inventory:

Hand Weapons
 a - a +0 war axe
 w - a +2 spear of venom (weapon)
 x - a +4 halberd
Armour
 b - a +0 scale mail (worn)
 c - the cursed +0 kite shield of Ashenzari's Loss (worn) {Fort, Evo}

   It has a curse which improves the following skills: Fortitude: Armour and
   Shields.
   Evocations: Evocations.
 A - a +0 pair of boots (worn)
Jewellery
 i - a +4 ring of protection (left hand)
 n - a ring of resist corrosion
 y - a ring of magical power
Wands
 d - a wand of paralysis (6)
 p - a wand of mindburst (3)
Scrolls
 f - a scroll of summoning
 g - 2 scrolls of fog
 k - 3 scrolls of blinking
 m - 3 scrolls of teleportation
 o - 4 scrolls of identify
 q - a scroll of silence
 r - 2 scrolls of fear
 t - a scroll of enchant weapon
 v - a scroll of magic mapping
Potions
 e - a potion of curing
 h - 2 potions of brilliance
 j - 4 potions of mutation
 l - 4 potions of haste
 s - a potion of cancellation
 u - a potion of flight
 z - a potion of magic
 B - a potion of resistance


   Skills:
 + Level 6.3 Fighting
 * Level 7.4 Axes
 + Level 5.8(6.3) Armour
 + Level 5.7(6.2) Shields
 + Level 3.6(4.1) Evocations


You had 8 spell levels left.
You didn't know any spells.
Your spell library was empty.

Dungeon Overview and Level Annotations

Branches:
Dungeon (8/15)             Temple (0/1) D:5          Bailey (visited)
   Lair: D:8-11

Altars:
Ashenzari
Cheibriados
Elyvilon
Nemelex Xobeh
Uskayaw
Yredelemnul

Shops:
D:1 :

Annotations:
D:8 Maggie


Innate Abilities, Weirdness & Mutations

You have a pair of horns on your head.
You are partially covered in thin metallic scales. (AC +2)
A weak demonic guardian rushes to your aid.
A meltable icy envelope protects you from harm. (AC +0)
A meltable shield of frost defends you. (SH +0)


Message History

Maggie gestures at you while chanting. The bolt of fire hits you!
Your icy defenses dissipate!
A demonic guardian appears!
You barely miss Maggie. Your headbutt misses Maggie.
Maggie is lightly wounded.
Maggie zaps a wand.
The bolt of acid misses you.
Your white imp gestures at Maggie.
The puff of frost hits Maggie.
You puncture Maggie!
Maggie is moderately wounded.
Maggie zaps a wand.
The bolt of acid hits you!
You are splashed with acid!
Your white imp gestures at Maggie.
The puff of frost hits Maggie!
You closely miss Maggie.
Maggie is moderately wounded.
Maggie mumbles some strange words.
Maggie attempts to bespell you!
You are mesmerised by Maggie!
Your white imp closely misses Maggie.
You hit Maggie but do no damage.
Maggie is moderately wounded.
Maggie zaps a wand.
The bolt of acid hits you! The acid corrodes you!
You are splashed with acid!
* * * LOW HITPOINT WARNING * * *
Your white imp barely misses Maggie.
You hit Maggie.
Maggie looks as sick as possible!
Maggie is heavily wounded.
Maggie mumbles some strange words.
Maggie draws you further into her thrall.
Your white imp closely misses Maggie.
You closely miss Maggie.
Maggie is heavily wounded.
Maggie hits you with a +3 long sword.
* * * LOW HITPOINT WARNING * * *
Your white imp barely misses Maggie.
You puncture Maggie!
Maggie looks as sick as possible!
Maggie is severely wounded.
Maggie zaps a wand.
The bolt of acid hits you!
You die...

_..####..## #
..>......# #
..#......# #
..#.##.#.########
.......#.........
..#.....########.
..#####.# #.# #@#
#...@5# #..:..#
#.....# #.....#
#.....# #######


You could see Maggie (mesmerising, extremely poisoned, ally target) and a
friendly white imp (summoned).

Vanquished Creatures
  A wyvern (D:8)
  A water moccasin (D:7)
  Duvessa (D:5)
  4 orc warriors
  A black bear (D:6)
  A sky beast (D:5)
  A necrophage (D:6)
  An ogre (D:7)
  2 centaurs
  A kobold brigand (D:7)
  3 bullfrogs
  2 gnoll sergeants
  3 scorpions
  A wyvern skeleton (D:6)
  2 water moccasin skeletons
  Dowan (D:5)
  2 howler monkeys (D:7)
  2 bullfrog zombies (D:5)
  2 hounds
  5 orc priests
  A bullfrog skeleton (D:7)
  An iguana (D:6)
  2 orc wizards
  3 killer bee zombies
  A hound skeleton (D:4)
  2 adders
  7 gnolls
  A shadow imp (D:7)
  A white imp (D:7)
  An ufetubus (D:7)
  2 worms
  2 dart slugs
  14 orcs
  4 ball pythons (D:1)
  An endoplasm (D:3)
  3 giant cockroaches
  6 goblins
  10 hobgoblins
  A jackal (D:2)
  2 quokkas (D:2)
  7 bats
  4 frilled lizards (D:1)
  16 kobolds
  6 rats
135 creatures vanquished.

Vanquished Creatures (collateral kills)
  A kobold brigand (D:8)
  A scorpion (D:4)
  An orc wizard (D:8)
  2 kobolds
5 creatures vanquished.

Grand Total: 140 creatures vanquished

Notes
Turn   | Place    | Note
-------+----------+-------------------------------------------
     0 | D:1      | Hasart the Demonspawn Fighter began the quest for the Orb.
     0 | D:1      | Reached XP level 1. HP: 18/18 MP: 1/1
   148 | D:1      | Reached skill level 2 in Axes
   216 | D:1      | Gained mutation: A meltable shield of frost defends you.
                  | (SH +0) [demonic ancestry]
   216 | D:1      | Reached XP level 2. HP: 23/24 MP: 2/2
   536 | D:1      | Found Ethodule's Book Boutique.
  1211 | D:2      | Gained mutation: A weak demonic guardian rushes to your
                  | aid. [demonic ancestry]
  1211 | D:2      | Reached XP level 3. HP: 29/29 MP: 3/3
  1259 | D:2      | Found a sparkling altar of Nemelex Xobeh.
  1362 | D:2      | Found a snail-covered altar of Cheibriados.
  1984 | D:3      | Gained mutation: You are partially covered in thin metallic
                  | scales. (AC +2) [demonic ancestry]
  1984 | D:3      | Reached XP level 4. HP: 26/35 MP: 4/4
  1991 | D:3      | Noticed a bullfrog
  2004 | D:3      | Killed a bullfrog
  2005 | D:3      | Reached skill level 3 in Axes
  2118 | D:3      | Reached XP level 5. HP: 35/42 MP: 5/5
  2290 | D:3      | Found a broken altar of Ashenzari.
  2320 | D:3      | Became a worshipper of Ashenzari the Shackled
  2978 | D:4      | Gained mutation: A meltable icy envelope protects you from
                  | harm. (AC +0) [demonic ancestry]
  2978 | D:4      | Reached XP level 6. HP: 21/48 MP: 6/6
  3312 | D:4      | Reached skill level 4 in Axes
  3554 | D:5      | Entered Level 5 of the Dungeon
  4024 | D:5      | Noticed a sky beast
  4032 | D:5      | Killed a sky beast
  4033 | D:5      | Reached XP level 7. HP: 47/55 MP: 7/7
  4133 | D:5      | Found a staircase to the Ecumenical Temple.
  4388 | D:5      | Found a basalt altar of Yredelemnul.
  4400 | D:5      | Found a hide-covered altar of Uskayaw.
  4484 | D:5      | Reached skill level 5 in Axes
  4826 | D:5      | Noticed Duvessa
  4828 | D:5      | Noticed Dowan
  4843 | D:5      | Killed Dowan
  4843 | D:5      | HP: 2/55 [Duvessa/+0 short sword (10)]
  4845 | D:5      | Killed Duvessa
  5203 | D:6      | Reached skill level 5 in Fighting
  5287 | D:6      | Gained mutation: You have a pair of small horns on your
                  | head. [demonic ancestry]
  5287 | D:6      | Reached XP level 8. HP: 57/62 MP: 8/8
  5305 | D:6      | Reached skill level 1 in Evocations
  5622 | D:6      | Reached skill level 6 in Axes
  5735 | D:5      | Reached skill level 5 in Armour
  5931 | D:5      | Reached skill level 5 in Shields
  6376 | D:7      | Found a flagged portal.
  6383 | Bailey   | Entered a bailey
  6383 | Bailey   | Noticed an orc knight
  6383 | Bailey   | Noticed an orc knight
  6424 | Bailey   | Noticed an orc knight
  6930 | D:7      | Gained mutation: You have a pair of horns on your head.
                  | [demonic ancestry]
  6930 | D:7      | Reached XP level 9. HP: 69/69 MP: 9/9
  7368 | D:7      | Reached skill level 7 in Axes
  8601 | D:8      | Found a snail-covered altar of Cheibriados.
  8613 | D:8      | Noticed Maggie
  8621 | D:8      | Killed from afar by Maggie

Illustrated notes

Levels and vault maps discovered:
D:1:      noname_arrival_rooms_in_the_neighbourhood, layout_basic, serial_shops,
          nicolae_shop_stone
D:2:      layout_basic, lemuel_round_altar, nicolae_overflow_hidden_temple,
          lemuel_crystal_altar, st_stairs_11
D:3:      layout_basic, lemuel_round_altar
D:4:      layout_basic
D:5:      layout_loops_ring, amethyst_overflow_temple_binary,
          minmay_temple_entry_stoned_glass, uniq_duvessa
D:6:      layout_cave_pools
D:7:      layout_gridville, enter_bailey_2
D:8:      layout_loops_cross, basic_altar, grunt_ministairs_13, uniq_maggie

Skill      XL: |  1  2  3  4  5  6  7  8  9 |
---------------+----------------------------+-----
Axes           | 2 3 4 5 6 7 |  7.4
Shields        | 3 4 5 |  5.7
Armour         | 3 4 5 |  5.8
Fighting       | 4 5 6 |  6.3
Evocations     | 2 3 |  3.6

Action                   |  1- 3 |  4- 6 |  7- 9 || total
-------------------------+-------+-------+-------++-------
Melee: War axe           |   153 |   147 |   118 ||   418
       Spear             |       |       |   202 ||   202
       Headbutt          |       |       |    48 ||    48
Invok: Curse Item        |       |     1 |       ||     1
  Use: Potion            |       |     1 |     2 ||     3
 Stab: Distracted        |       |       |     3 ||     3
Armor: Scale mail        |    71 |    64 |   182 ||   317
Dodge: Dodged            |    43 |    43 |    64 ||   150
Block: Kite shield       |   106 |   125 |   272 ||   503

Table legend: (Time is in decaauts)
 A = Elapsed time spent in this place.
 B = Non-inter-level travel time spent in this place.
 C = Inter-level travel time spent in this place.
 D = Time resting spent in this place.
 E = Time spent auto-exploring this place.
 F = Levels seen in this place.
 G = Mean time per level.
                   A        B        C        D        E       F      G
               +--------+--------+--------+--------+--------+-----+--------+
         Total |   8868 |   8730 |    138 |   1495 |   5769 |   9 |  985.3 |
       Dungeon |   8823 |   8685 |    138 |   1483 |   5769 |   8 | 1102.9 |
        Bailey |     44 |     44 |      0 |     12 |      0 |   1 |   44.0 |
               +--------+--------+--------+--------+--------+-----+--------+

Top non-repeatable levels by time:
     D:5: 1943 daAuts
     D:7: 1853 daAuts
     D:1: 1241 daAuts
     D:4: 1015 daAuts
     D:6: 816 daAuts
     D:2: 738 daAuts
     D:3: 721 daAuts
     D:8: 492 daAuts
  Bailey: 44 daAuts
